 Dungeon Crawl Stone Soup version 0.27-a0-345-g7370b58738 (webtiles) character file.

Game seed: 16394107834956281869

46364 Majang the Black Belt (level 14, -2/110 HPs)
             Began as a Merfolk Gladiator on Feb 15, 2021.
             Was the Champion of Cheibriados.
             Slain by a troll (7 damage)
             ... led by an orc warlord
             ... while paralysed by an orc sorcerer
             ... on level 1 of the Orcish Mines.
             The game lasted 01:23:46 (17869 turns).

Majang the Black Belt (Merfolk Gladiator)          Turns: 17869, Time: 01:23:48

Health: -2/110     AC: 16    Str: 29    XL:     14   Next: 37%
Magic:  20/20      EV:  2    Int: 24    God:    Cheibriados [******]
Gold:   1010       SH:  0    Dex: 34    Spells: 13/13 levels left

rFire    . . .     SeeInvis .   a - +3 halberd (vamp)
rCold    . . .     Faith    .   (shield currently unavailable)
rNeg     . . .     Spirit   .   B - +0 swamp dragon scales
rPois    +         Reflect  .   (helmet restricted)
rElec    .         Harm     .   p - +0 cloak
rCorr    .         Rampage  .   P - +2 pair of gloves
Will     +....                  s - +1 pair of boots
Stlth    ++........             z - amulet of magic regeneration
HPRegen  0.28/turn              h - +4 ring of evasion
MPRegen  0.42/turn              D - +4 ring of evasion

@: paralysed, very slow
A: change form in water, swift swim, stealthy swim, antennae 1, large bone
plates 1
a: Renounce Religion, Bend Time, Temporal Distortion, Slouch, Step From Time


You were on level 1 of the Orcish Mines.
You worshipped Cheibriados.
Cheibriados was exalted by your worship.
You visited 4 branches of the dungeon, and saw 19 of its levels.
You also visited: Sewer.

You collected 1701 gold pieces.
You spent 691 gold pieces at shops.

Inventory:

Hand Weapons
 a - a +3 vampiric halberd (weapon)
 b - a +1 glaive of flaming
Missiles
 d - 4 throwing nets
 n - 4 silver javelins
 w - 18 boomerangs (quivered)
 x - 13 javelins
Armour
 p - a +0 cloak (worn)
 s - a +1 pair of boots (worn)
 B - +0 swamp dragon scales (worn)
 P - a +2 pair of gloves (worn)
Jewellery
 h - a +4 ring of evasion (left hand)
 u - a ring of fire
 z - an amulet of magic regeneration (around neck)
 A - a +6 ring of strength
 D - a +4 ring of evasion (right hand)
 G - a ring of protection from cold
Wands
 v - a wand of digging (11)
 J - a wand of paralysis (9)
 L - a wand of iceblast (9)
 M - a wand of charming (5)
 N - a wand of polymorph (11)
Scrolls
 e - 5 scrolls of identify
 m - 6 scrolls of magic mapping
 t - 5 scrolls of teleportation
 H - 2 scrolls of immolation
 K - 3 scrolls of blinking
Potions
 i - 4 potions of curing
 j - 13 potions of heal wounds
 k - 6 potions of flight
 l - 2 potions of might
 F - 2 potions of resistance
 I - a potion of mutation
Miscellaneous
 E - a lightning rod (4/4)
 O - a condenser vane (inert)


   Skills:
 + Level 10.0 Fighting
 * Level 17.2 Polearms
 + Level 8.6 Throwing
 + Level 6.7 Armour
 * Level 13.7 Dodging
 + Level 8.8 Invocations
 + Level 8.0 Evocations


You had 13 spell levels left.
You didn't know any spells.
Your spell library contained the following spells:

 Spells                   Type           Power        Failure   Level
 Animate Skeleton         Necr           0%           21%         1
 Apportation              Tloc           0%           21%         1
 Beastly Appendage        Tmut           0%           21%         1
 Corona                   Hex            0%           21%         1
 Foxfire                  Conj/Fire      0%           21%         1
 Freeze                   Ice            0%           21%         1
 Shock                    Conj/Air       0%           21%         1
 Summon Small Mammal      Summ           0%           21%         1
 Call Imp                 Summ           0%           30%         2
 Swiftness                Air            0%           30%         2
 Wereblood                Tmut           0%           30%         2
 Call Canine Familiar     Summ           0%           52%         3
 Conjure Flame            Conj/Fire      0%           52%         3
 Frozen Ramparts          Ice            0%           52%         3
 Inner Flame              Hex/Fire       0%           52%         3
 Ozocubu's Armour         Ice            0%           52%         3
 Spider Form              Tmut/Pois      0%           52%         3
 Static Discharge         Conj/Air       0%           52%         3
 Summon Guardian Golem    Hex/Summ       0%           52%         3
 Airstrike                Air            0%           89%         4
 Animate Armour           Summ/Erth      0%           89%         4
 Hailstorm                Conj/Ice       0%           89%         4
 Ice Form                 Ice/Tmut       0%           89%         4
 Leda's Liquefaction      Hex/Erth       0%           89%         4
 Sticky Flame             Conj/Fire      0%           89%         4
 Summon Ice Beast         Ice/Summ       0%           89%         4
 Summon Lightning Spire   Summ/Air       0%           89%         4
 Blade Hands              Tmut           0%           99%         5
 Bolt of Magma            Conj/Fire/Erth 0%           99%         5
 Fireball                 Conj/Fire      0%           99%         5
 Lightning Bolt           Conj/Air       0%           99%         5
 Iron Shot                Conj/Erth      0%           100%        6
 Statue Form              Tmut/Erth      0%           100%        6
 Shatter                  Erth           0%           100%        9


Dungeon Overview and Level Annotations

Branches:
Dungeon (10/15)            Temple (1/1) D:7            Lair (6/6) D:10
 Shoals (0/4) Lair:2        Snake (0/4) Lair:3        Slime (0/5) Lair:5
    Orc (2/2) D:9           Sewer (visited)
    Elf: Orc:2

Altars:
Ashenzari
Cheibriados
Dithmenos
Elyvilon
Fedhas
Gozag
Hepliaklqana
Kikubaaqudgha
Makhleb
Nemelex Xobeh
Okawaru
Qazlal
Ru
Sif Muna
Trog
Uskayaw
Vehumet
Wu Jian
Xom
Yredelemnul
Zin
The Shining One

Shops:
D:8 :   D:9 [   D:10 =[*:=   Orc:1 (

Portals:
Hell: Lair:6

Annotations:
D:7 1 runed translucent door, 1 exclusion, lorimerr's ghost, novice DsGl
Lair:5 exclusion: 4 oklob plants
Orc:2 Saint Roka


Innate Abilities, Weirdness & Mutations

You revert to your normal form in water.
You are very nimble and swift while swimming.
You are very stealthy in the water. (Stealth+)
You have a pair of small antennae on your head.
You are partially covered in large bone plates. (SH +4)


Message History

The orc sorcerer hits you but does no damage.
The orc priest is engulfed in poison gas.
The orc priest looks even sicker.
You kill the orc priest!
Cheibriados appreciates the change of pace.
The orc sorcerer is engulfed in poison gas.
The orc sorcerer looks even sicker.
The orc sorcerer points at you and mumbles some strange words.
The bolt of fire hits you!!!
* * * LOW HITPOINT WARNING * * *
The bolt of fire hits the orc priest!!
The orc priest dies!
The troll is engulfed in poison gas.
The troll looks even sicker.
The orc warrior is engulfed in poison gas.
The orc warrior looks even sicker.
The orc warrior hits you with a +0 mace!!
* * * LOW HITPOINT WARNING * * *
The orc warlord is engulfed in poison gas.
The orc warlord looks even sicker.
The orc warlord hits you with a +2 great mace of venom.
* * * LOW HITPOINT WARNING * * *
You kill the orc!
Cheibriados appreciates the change of pace.
The orc warrior is engulfed in poison gas.
The orc warrior looks as sick as possible!
You kill the orc warrior!
Cheibriados appreciates the change of pace.
The troll is engulfed in poison gas.
The troll looks as sick as possible!
The orc warrior is engulfed in poison gas.
The orc warrior looks even sicker.
The orc warrior hits you but does no damage.
The orc warrior is engulfed in poison gas.
The orc warrior looks even sicker.
The orc sorcerer is engulfed in poison gas.
The orc sorcerer looks as sick as possible!
The orc sorcerer hits you with a +0 dagger.
* * * LOW HITPOINT WARNING * * *
The troll is engulfed in poison gas.
The troll looks as sick as possible!
The troll bites you but does no damage. The troll claws you!
You die...

...§§§###
...§§§§§#
...§§§§§.
...☼§§§§.##
...§§§§§#§##
...§§§§o§§.#.##
..h.§§oTo☼....#
....§§o@o§....#
....§§To§§.....
#..§#§§§#......
##.#§§§.#.....#
#§§... ...$.
...... .....
......$ ##..
##.#..... #.


You could see an orc warlord (very poisoned), 2 trolls, a warg, 2 orc sorcerers
and 3 orc warriors.

Vanquished Creatures
  Gastronok (D:8)
  6 hydras
  A catoblepas (Lair:6)
  4 death yaks
  Urug (Lair:6)
  A sixfirhy (Lair:6)
  The ghost of VeinyPole the Slicer, a novice KoBe of Trog (D:8)
  A wizard (Lair:6)
  4 merfolk sirens (Lair:2)
  7 black mambas
  A torpor snail (Lair:2)
  19 cane toads
  Maggie (D:10)
  4 rime drakes (Lair:6)
  A hellwing (Lair:6)
  2 ice devils (Lair:6)
  7 komodo dragons
  4 red devils (Lair:6)
  15 blink frogs
  3 polar bears
  5 trolls
  Prince Ribbit (Lair:1)
  6 dream sheep (Lair:6)
  35 yaks
  3 wyverns
  Grum (D:8)
  Edmund (D:4)
  4 nagas (Lair:3)
  3 hell hounds (Lair:6)
  A soldier ant (D:10)
  15 water moccasins
  Duvessa (D:5)
  3 ice beasts
  11 orc warriors
  A swamp drake (D:9)
  3 black bears
  A sky beast (D:7)
  An eye of draining (D:10)
  6 wolves
  6 ogres
  A phantom (D:10)
  6 centaurs
  2 kobold brigands
  14 bullfrogs
  A water moccasin zombie (D:4)
  5 scorpions
  Dowan (D:5)
  A water moccasin skeleton (D:10)
  7 killer bees
  6 wights (D:9)
  4 howler monkeys
  3 centaur zombies
  3 bullfrog zombies
  2 centaur skeletons
  9 hounds
  A jelly (D:9)
  14 orc priests
  2 bullfrog skeletons (D:8)
  2 iguanas
  10 orc wizards
  8 worker ants
  A howler monkey zombie (D:7)
  A worker ant zombie (D:8)
  14 gnolls
  10 adders
  A howler monkey skeleton (D:6)
  7 river rats (Sewer)
  2 shadow imps
  5 white imps
  3 ufetubi
  An adder zombie (D:9)
  An adder skeleton (D:4)
  5 worms
  3 dart slugs
  8 leopard geckos
  63 orcs
  7 ball pythons
  3 giant cockroaches
  7 goblins
  5 hobgoblins
  12 jackals
  6 quokkas
  2 bats (D:2)
  4 frilled lizards
  25 kobolds
  A leopard gecko skeleton (D:4)
  2 quokka zombies
  26 rats
519 creatures vanquished.

Vanquished Creatures (others)
  An orc priest (Orc:1)
  41 fungi
  62 plants
104 creatures vanquished.

Grand Total: 623 creatures vanquished

Notes
Turn   | Place    | Note
-------+----------+-------------------------------------------
     0 | D:1      | Majang the Merfolk Gladiator began the quest for the Orb.
     0 | D:1      | Reached XP level 1. HP: 16/16 MP: 1/1
   274 | D:1      | Reached XP level 2. HP: 21/23 MP: 2/2
   571 | D:2      | Reached skill level 5 in Polearms
   581 | D:2      | Reached XP level 3. HP: 28/28 MP: 3/3
  1005 | D:2      | Reached XP level 4. HP: 30/34 MP: 4/4
  1787 | D:3      | Reached skill level 6 in Polearms
  1787 | D:3      | Reached skill level 1 in Armour
  1787 | D:3      | Reached XP level 5. HP: 37/41 MP: 5/5
  1803 | D:3      | Found an iron altar of Okawaru.
  1892 | D:3      | Reached skill level 5 in Dodging
  1984 | D:3      | Found a glowing drain.
  1993 | Sewer    | Entered a sewer
  2175 | Sewer    | Noticed a kobold brigand
  2196 | Sewer    | Killed a kobold brigand
  2197 | Sewer    | Reached skill level 7 in Polearms
  2197 | Sewer    | Reached XP level 6. HP: 30/47 MP: 6/6
  3390 | D:3      | Reached XP level 7. HP: 46/53 MP: 7/7
  4071 | D:4      | Reached skill level 8 in Polearms
  4204 | D:4      | Found a basalt altar of Yredelemnul.
  4320 | D:4      | Noticed Edmund
  4370 | D:4      | Killed Edmund
  4464 | D:4      | Reached skill level 9 in Polearms
  4464 | D:4      | Reached XP level 8. HP: 54/61 MP: 8/8
  4956 | D:5      | Entered Level 5 of the Dungeon
  4956 | D:5      | Found a snail-covered altar of Cheibriados.
  4956 | D:5      | Found a hazy altar of Hepliaklqana.
  4962 | D:5      | Became a worshipper of Cheibriados the Contemplative
  5003 | D:5      | Noticed Dowan
  5004 | D:5      | Noticed Duvessa
  5033 | D:5      | Killed Dowan
  5292 | D:5      | Killed Duvessa
  5296 | D:5      | Reached skill level 1 in Invocations
  5300 | D:5      | Reached skill level 1 in Evocations
  5305 | D:5      | Reached skill level 5 in Fighting
  5569 | D:5      | Reached skill level 10 in Polearms
  6104 | D:6      | Found a shimmering altar of Xom.
  6123 | D:6      | Reached * piety under Cheibriados
  6142 | D:6      | Reached XP level 9. HP: 56/68 MP: 10/10
  6495 | D:6      | Found a burning altar of Makhleb.
  7281 | D:7      | Noticed lorimerr's ghost (novice DsGl)
  7285 | D:7      | Found a runed translucent door.
  7331 | D:7      | Reached ** piety under Cheibriados
  7466 | D:7      | Reached skill level 11 in Polearms
  7473 | D:7      | Found a blossoming altar of Fedhas.
  7585 | D:7      | Found a staircase to the Ecumenical Temple.
  7599 | Temple   | Entered the Ecumenical Temple
  7968 | D:7      | Found a glowing silver altar of Zin.
  8510 | D:8      | Reached XP level 10. HP: 76/76 MP: 12/12
  8578 | D:8      | Reached *** piety under Cheibriados
  8666 | D:8      | Found Tabuom Jen's Book Emporium.
  8701 | D:8      | Noticed Gastronok
  8724 | D:8      | Killed Gastronok
  8725 | D:8      | Reached skill level 12 in Polearms
  8725 | D:8      | Reached skill level 5 in Throwing
  8891 | D:8      | Found a runed translucent door.
  8904 | D:8      | Noticed VeinyPole's ghost (novice KoBe)
  8922 | D:8      | Killed VeinyPole's ghost
  9046 | D:8      | Noticed Grum
  9061 | D:8      | Killed Grum
  9430 | D:9      | Found Ilimo's Armour Shop.
  9445 | D:9      | Bought a +0 cloak for 63 gold pieces
  9564 | D:9      | Reached **** piety under Cheibriados
  9654 | D:9      | Found a staircase to the Orcish Mines.
  9686 | D:9      | Reached skill level 5 in Invocations
  9753 | D:9      | Reached XP level 11. HP: 84/84 MP: 14/14
  9754 | D:9      | Reached skill level 13 in Polearms
 10567 | D:9      | Reached ***** piety under Cheibriados
 10630 | D:10     | Entered Level 10 of the Dungeon
 10692 | D:10     | Found Ciaj's Jewellery Boutique.
 10695 | D:10     | Bought a ring of poison resistance for 280 gold pieces
 10912 | D:10     | Found Wugh's Book Shop.
 10956 | D:10     | Reached skill level 5 in Evocations
 10975 | D:10     | Found Fooce's Armour Shop.
 11131 | D:10     | Found a staircase to the Lair.
 11168 | D:10     | Found Awacseun's Jewellery Emporium.
 11180 | D:10     | Gained mutation: Your spells are a little easier to cast,
                  | but a little less powerful. [potion of mutation]
 11180 | D:10     | Lost mutation: Your spells are a little easier to cast, but
                  | a little less powerful. [potion of mutation]
 11180 | D:10     | Gained mutation: You are partially covered in large bone
                  | plates. (SH +4) [potion of mutation]
 11180 | D:10     | Gained mutation: You have a pair of small antennae on your
                  | head. [potion of mutation]
 11380 | D:10     | Noticed Maggie
 11391 | D:10     | Killed Maggie
 11487 | D:10     | Found Queham's Assorted Antiques.
 11490 | D:10     | Bought a scroll labelled ZEOLAGH NIQO for 29 gold pieces
 11490 | D:10     | Bought a scroll of teleportation for 87 gold pieces
 11490 | D:10     | Bought a potion of heal wounds for 145 gold pieces
 11490 | D:10     | Bought a scroll of teleportation for 87 gold pieces
 11638 | Lair:1   | Entered Level 1 of the Lair of Beasts
 11671 | Lair:1   | Noticed Prince Ribbit
 11703 | Lair:1   | Killed Prince Ribbit
 11928 | Lair:1   | Reached skill level 5 in Armour
 11933 | Lair:1   | Reached skill level 14 in Polearms
 12483 | Lair:2   | Reached skill level 10 in Dodging
 12502 | Lair:2   | Reached XP level 12. HP: 92/92 MP: 16/16
 12529 | Lair:2   | Reached ****** piety under Cheibriados
 12726 | Lair:2   | Noticed a death yak
 12731 | Lair:2   | Noticed a death yak
 12740 | Lair:2   | Killed a death yak
 12749 | Lair:2   | Killed a death yak
 12902 | Lair:2   | Noticed an eight-headed hydra
 12911 | Lair:2   | Killed a six-headed hydra
 12935 | Lair:2   | Reached skill level 15 in Polearms
 12950 | Lair:2   | Found a staircase to the Shoals.
 13601 | Lair:3   | Noticed a death yak
 13615 | Lair:3   | Killed a death yak
 13875 | Lair:3   | Reached XP level 13. HP: 100/100 MP: 18/18
 14261 | Lair:3   | Found a staircase to the Snake Pit.
 14809 | Lair:4   | Reached skill level 16 in Polearms
 15085 | Lair:5   | Found a staircase to the Slime Pits.
 16002 | Lair:6   | Entered Level 6 of the Lair of Beasts
 16719 | Lair:6   | Noticed Urug
 16734 | Lair:6   | Killed Urug
 16901 | Lair:6   | Reached XP level 14. HP: 109/109 MP: 20/20
 17107 | Lair:6   | Reached skill level 17 in Polearms
 17158 | Lair:6   | Found a burning altar of Makhleb.
 17237 | Lair:6   | Found a gateway to Hell.
 17517 | Orc:1    | Entered Level 1 of the Orcish Mines
 17517 | Orc:1    | Found Lifoasuz's Weapon Boutique.
 17690 | Orc:2    | Entered Level 2 of the Orcish Mines
 17752 | Orc:2    | Reached skill level 10 in Fighting
 17862 | Orc:2    | Noticed Saint Roka
 17865 | Orc:1    | Noticed an orc warlord
 17866 | Orc:1    | Paralysed by an orc sorcerer for 7 turns
 17869 | Orc:1    | HP: 5/110 [orc sorcerer/+0 dagger[an orc warlord] (4)]
 17869 | Orc:1    | Slain by a troll

Illustrated notes

Levels and vault maps discovered:
D:1:      saegor_arrival_simple_a, layout_rooms
D:2:      minmay_angry_zag, layout_basic, minmay_pentomino_pile
D:3:      layout_rooms, nicolae_overflow_crystal_walls, portal_sewer_entry_d
D:4:      layout_cave_pools, lemuel_crystal_altar, serial_column_ruins,
          column_ruins_hut, column_ruins_square_large,
          column_ruins_columns_dead_end, column_ruins_columns_water,
          column_ruins_grid_1, column_ruins_grid_1, column_ruins_open_tiny,
          grunt_ministairs_12, hex_medium, hangedman_decor_diamond_cutter,
          uniq_edmund
D:5:      layout_basic, grunt_temple_overflow_open, uniq_duvessa
D:6:      layout_gridville, basic_altar, bloody_makhleb
D:7:      layout_gridville, lemuel_doored_altar, zin_scriptorium, temple_hall,
          hellmonk_ghost_happy_afterlife, chequers_serial_rivers_small_3,
          chequers_jeans
D:8:      layout_basic, serial_shops, shop, ebering_ghost_reflecting_pool,
          uniq_gastronok, uniq_grum
D:9:      minmay_thinvault, layout_loops_ring, erik_orc_1, serial_shops, shop,
          hive_lemuel
D:10:     layout_loops_ring, due_lair_maze_entry_diamond, serial_shops,
          shop_fountains, kennysheep_mini, nicolae_shop_trees,
          nicolae_shop_trees, shop, nrook_pool_corridor, grunt_decor_fettered,
          uniq_maggie
Temple:   lightli_temple_of_artemis
Lair:1:   layout_cave_pods, uniq_prince_ribbit2
Lair:2:   layout_hall_layers, elwin_shoals_entry_stream, serial_bayou_shore_b,
          grunt_megastairs_1
Lair:3:   layout_regular_city, minmay_snake_entry_guardpost_large, st_stairs_8
Lair:4:   layout_misc_corridors, chequers_serial_rivers_micro_c
Lair:5:   layout_long_grid, minmay_slime_entry_oklob_open,
          infiniplex_staircase_pool
Lair:6:   evil_forest, layout_loops_ring, chequers_serial_rivers_micro_d,
          nicolae_quartered_pool_medium, serial_bayou_shore_b, uniq_urug
Orc:1:    layout_caves, serial_shops, shop
Orc:2:    pubby_orc_utopia, uniq_saint_roka

Skill      XL: |  1  2  3  4  5  6  7  8  9 10 11 12 13 14 |
---------------+-------------------------------------------+-----
Polearms       | 5 6 7 9 10 11 12 14 15 16 17 | 17.2
Fighting       | 3 4 5 6 7 8 9 10 | 10.0
Armour         | 1 2 3 4 5 6 |  6.7
Dodging        | 5 6 7 8 9 10 11 13 | 13.7
Throwing       | 3 4 5 6 7 8 |  8.6
Invocations    | 2 3 5 6 7 8 |  8.8
Evocations     | 1 3 4 5 6 7 8 |  8.0

Action                   |  1- 3 |  4- 6 |  7- 9 | 10-12 | 13-15 || total
-------------------------+-------+-------+-------+-------+-------++-------
Melee: Trident           |    93 |   342 |   160 |       |       ||   595
       Tailslap          |       |    21 |     4 |     5 |    27 ||    57
       Halberd           |       |       |   304 |   597 |   473 ||  1374
       Glaive            |       |       |       |     2 |    29 ||    31
Throw: Boomerang         |       |       |    10 |    37 |    17 ||    64
       Throwing net      |       |       |     3 |       |       ||     3
Invok: Bend Time         |       |       |     2 |       |       ||     2
Evoke: Lightning rod     |       |       |       |     3 |       ||     3
       Condenser vane    |       |       |       |       |     2 ||     2
  Use: Potion            |       |     2 |       |     5 |     1 ||     8
       Scroll            |       |       |    15 |     6 |     2 ||    23
 Stab: Held in net/web   |       |       |     1 |       |       ||     1
       Sleeping          |       |       |     1 |     6 |     5 ||    12
       Distracted        |       |       |       |     2 |       ||     2
Armor: Leather armour    |     3 |       |       |       |       ||     3
       Ring mail         |    12 |    85 |    74 |    38 |       ||   209
       Swamp dragon scal |       |       |       |    18 |    48 ||    66
Dodge: Dodged            |    60 |   337 |   375 |   447 |   473 ||  1692
Block: Other             |       |       |       |    39 |    81 ||   120

Table legend: (Time is in decaauts)
 A = Elapsed time spent in this place.
 B = Non-inter-level travel time spent in this place.
 C = Inter-level travel time spent in this place.
 D = Time resting spent in this place.
 E = Time spent auto-exploring this place.
 F = Levels seen in this place.
 G = Mean time per level.
                   A        B        C        D        E       F      G
               +--------+--------+--------+--------+--------+-----+--------+
         Total |  24527 |  22568 |   1959 |   2896 |  13203 |  20 | 1226.3 |
       Dungeon |  13157 |  12241 |    916 |   2025 |   7216 |  10 | 1315.7 |
        Temple |    162 |    162 |      0 |      0 |      0 |   1 |  162.0 |
          Lair |   9856 |   8842 |   1014 |    510 |   5749 |   6 | 1642.7 |
  Orcish Mines |    504 |    476 |     28 |     28 |    177 |   2 |  252.0 |
         Sewer |    846 |    846 |      0 |    333 |     61 |   1 |  846.0 |
               +--------+--------+--------+--------+--------+-----+--------+

Top non-repeatable levels by time:
  Lair:6: 2043 daAuts
     D:9: 2022 daAuts
  Lair:5: 1872 daAuts
  Lair:2: 1791 daAuts
  Lair:1: 1651 daAuts
  Lair:3: 1590 daAuts
     D:8: 1580 daAuts
    D:10: 1570 daAuts
     D:6: 1407 daAuts
     D:3: 1397 daAuts
     D:5: 1371 daAuts
     D:2: 1336 daAuts
     D:7: 1229 daAuts
  Lair:4: 907 daAuts
   Sewer: 846 daAuts
